Unix NetHack Version 5.0.0-0 post-release - last build May  4 2026 22:22:43 (774f63e81ad911689b3a0859ea89b322d5daca8d,branch:main).

Game began 2026-05-05 14:14:08, ended 2026-05-06 05:18:34.

246786432, chaotic female orcish Rogue

                                 ----------
                                #..........
                              ###|........|
                              #  |.....(..|
          -------------   #####  |........-
          |...........|   #      |........|      -----
          |............####      ----.-----      |...|
          |...<.......|              ###        #|...|
          -------------                #      # #|@..|
                                  ###############Z.Z.|
                                  ------|----####|...+
                                  |{.....G...#   -----
                                  |.........|##
                                  |.........|
                                  |..........
                                  -----------

246786432 the Cutpurse  St:13 Dx:18 Co:13 In:11 Wi:11 Ch:9  Chaotic
Dlvl:4  $:65 HP:0(22) Pw:13(13) AC:7  Xp:3 T:1265 

Latest messages:
 You climb up the stairs.
 You hear someone counting gold coins.
 You are beginning to feel hungry.
 What do you want to eat? [gh or ?*] ?
 Mmm, tripe... not bad!
 You finish eating the tripe ration.
 You descend the stairs.
 You kill the newt!
 You see here a newt corpse.
 h - a newt corpse.
 You see here a scroll labeled ABRA KA DABRA.
 l - a scroll labeled ABRA KA DABRA.
 You descend the stairs.
 You see here 7 gold pieces.
 $ - 7 gold pieces (42 in total).
 You hear a door open.
 You kill the kobold!
 Welcome to experience level 3.
 You see here 2 food rations.
 You learn more about your items by comparing them.
 g - 2 uncursed food rations (5 in total).
 There is nothing here to pick up.
 You see here 16 gold pieces.
 $ - 16 gold pieces (58 in total).
 You see here a large box.
 The door opens.
 You see here a statue of a gnome.
 You see here a statue of a gnome.
 You have much trouble lifting a statue of a gnome.  Continue? [ynq] (q) q
 You see here 7 gold pieces.
 $ - 7 gold pieces (65 in total).
 You could drink the water...
 You see here a statue of a gnome.
 The plumbing connects it to the floor.
 The orc zombie just misses!
 You hit the orc zombie.
 The orc zombie hits!
 You hit the orc zombie.
 The orc zombie hits!
 You hit the orc zombie.
 You miss the orc zombie.
 The orc zombie hits!
 You can't go down here.
 You can't go down here.
 You can't go up here.
 The orc zombie hits!
 The orc zombie hits!
 The orc zombie hits!
 You die...
 Do you want your possessions identified? [ynq] (y) q

Inventory:
 Coins    ('$')
  $ - 65 gold pieces
 Weapons  (')')
  q - 7 blessed +3 elven arrows
  b - 12 +0 orcish daggers (alternate weapons; not wielded)
  a - a +0 orcish short sword (weapon in right hand)
  o - a +0 bill-guisarme
 Armor    ('[')
  j - a cursed -2 orcish helm
  c - an uncursed +1 leather armor (being worn)
 Comestibles  ('%')
  g - 5 uncursed food rations
  h - an uncursed newt corpse
 Scrolls  ('?')
  l - a cursed scroll of earth
 Spellbooks  ('+')
  m - an uncursed spellbook of create familiar
 Potions  ('!')
  d - an uncursed potion of sickness
  p - an uncursed potion of sleeping
 Tools    ('(')
  f - an empty uncursed sack
  e - an uncursed lock pick
  k - an uncursed stethoscope
 Gems/Stones  ('*')
  i - an uncursed worthless piece of yellowish brown glass

246786432 the Rogue's attributes:

Background:
 You were a Cutpurse, a level 3 female orcish Rogue.
 You were chaotic, nominally on a mission for Kos
 who was opposed by Issek (lawful) and Mog (neutral).
 You were right-handed.
 You were in the Dungeons of Doom, on level 4.
 You entered the dungeon 1265 turns ago.
 It was nighttime.
 You had 44 experience points, 36 more were needed to attain level 4.

Basics:
 You had 0 out of 22 hit points.
 You had all 13 energy points (spell power).
 Your armor class was 7.
 Your wallet contained 65 zorkmids.
 Autopickup was off.

Final Characteristics:
 Your strength was 13 (limit:18/50).
 Your dexterity was 18 (limit:18).
 Your constitution was 13 (limit:18).
 Your intelligence was 11 (limit:16).
 Your wisdom was 11 (limit:16).
 Your charisma was 9 (limit:16).

Final Status:
 You weren't hungry.
 You were unencumbered.
 You were wielding a short sword.
 You had basic skill with short sword.

Final Attributes:
 You were devoutly aligned.
 You were poison resistant.
 You had infravision.
 You were stealthy.
 You were warded.
 You are dead.

Miscellaneous:
 You didn't encounter any bones levels.
 Total elapsed playing time was 23 minutes and 1 second.

Major events:
 Turn
    1: 246786432 the chaotic female orcish Rogue entered the dungeon
  940: entered the Gnomish Mines
 1176: attained the rank of Cutpurse (level 3)
 1265: killed by an orc zombie

You didn't know any spells.

Skills:
 Fighting Skills
   bare handed combat [Unskilled]
   two weapon combat  [Unskilled]
   riding             [Unskilled]
 Weapon Skills
   dagger             [Basic]
   knife              [Unskilled]
   short sword        [Basic]
   broadsword         [Unskilled]
   long sword         [Unskilled]
   two-handed sword   [Unskilled]
   saber              [Unskilled]
   club               [Unskilled]
   mace               [Unskilled]
   morning star       [Unskilled]
   flail              [Unskilled]
   hammer             [Unskilled]
   polearms           [Unskilled]
   spear              [Unskilled]
   crossbow           [Unskilled]
   dart               [Unskilled]
   shuriken           [Unskilled]
 Spellcasting Skills
   divination spells  [Unskilled]
   escape spells      [Unskilled]
   matter spells      [Unskilled]

Voluntary challenges:
 Character rerolling was not enabled.
 You were an atheist.
 You were illiterate.
 You never genocided any monsters.
 You never polymorphed an object.
 You never changed form.
 You used no wishes.
Achievements:
 You entered a shop.
 You entered the Gnomish Mines.
 You attained the rank of Cutpurse.

 The Dungeons of Doom: levels 1 to 4
    Level 1:
    Level 2:
       A scroll shop.
       Stairs down to The Gnomish Mines.
    Level 3:
    Level 4: <- You were here.
       A fountain, a sink.
       Final resting place for
          you, killed by an orc zombie.
 The Gnomish Mines:
    Level 3:


Vanquished creatures:
  a little dog
  a gas spore
  a giant rat
  6 jackals
  a fox
  a kobold
  2 goblins
  a grid bug
  a lichen
  a kobold zombie
  3 newts
19 creatures vanquished.

No species were genocided or became extinct.

Game over:
                       ----------
                      /          \
                     /    REST    \
                    /      IN      \
                   /     PEACE      \
                  /                  \
                  |    246786432     |
                  |      65 Au       |
                  | killed by an orc |
                  |      zombie      |
                  |                  |
                  |                  |
                  |       2026       |
                 *|     *  *  *      | *
        _________)/\\_//(\/(/\)/\//\/|_)_______

Goodbye 246786432 the Rogue...

You died in The Dungeons of Doom on dungeon level 4 with 385 points,
and 65 pieces of gold, after 1265 moves.
You were level 3 with a maximum of 22 hit points when you died.

